 Dungeon Crawl Stone Soup version 0.26-a0-661-g406de6ba63 (console) character file.

Game seed: 14269459350652523524

959 om the Protected (level 7, 0/62 HPs)
             Began as a Deep Dwarf Fighter on Oct 9, 2020.
             Was an Initiate of Makhleb.
             Killed from afar by an electric eel (7 damage)
             ... with a bolt of electricity
             ... on level 6 of the Dungeon.
             The game lasted 00:10:56 (4473 turns).

om the Protected (Deep Dwarf Fighter)               Turns: 4473, Time: 00:10:56

Health: 0/62       AC: 15    Str: 22    XL:     7   Next: 91%
Magic:  14/14 (5)  EV:  6    Int: 10    God:    Makhleb [......]
Gold:   247        SH:  4    Dex: 12    Spells: 6/6 levels left

rFire    x . .     SeeInvis .   a - +0 war axe
rCold    + + +     Faith    .   r - +0 buckler
rNeg     . . .     Spirit   .   z - +0 plate armour "Maileuc" {rF- rC+++ Int+2} (curse)
rPois    .         Reflect  .   (no helmet)
rElec    .         Harm     .   (no cloak)
rCorr    .         Rampage  .   h - +0 pair of gloves
MR       +....                  (no boots)
Stlth    ..........             (no amulet)
HPRegen  0.00/turn              y - ring of magical power
MPRegen  0.14/turn              (no ring)

@: non-regenerating, very slow
A: damage resistance, heal wounds, sense surroundings 1, no regeneration
a: Heal Wounds, Renounce Religion


You were on level 6 of the Dungeon.
You worshipped Makhleb.
Makhleb was noncommittal.
You visited 2 branches of the dungeon, and saw 7 of its levels.

You collected 247 gold pieces.

Inventory:

Hand Weapons
 a - a +0 war axe (weapon)
 p - a +0 hand axe
Armour
 b - a +0 scale mail
 c - a +0 kite shield
 h - a +0 pair of gloves (worn)
 l - a +0 plate armour
 r - a +0 buckler (worn)
 s - a +0 chain mail
 z - the cursed +0 plate armour "Maileuc" (worn) {rF- rC+++ Int+2}
   (You found it on level 6 of the Dungeon)

   It affects your intelligence (+2).
   It makes you vulnerable to fire.
   It renders you almost immune to cold.
   It has a curse placed upon it.
Jewellery
 y - a ring of magical power (left hand)
Wands
 q - a wand of iceblast (7)
 x - a wand of paralysis (3)
Scrolls
 e - a scroll of enchant armour
 g - a scroll of teleportation
 i - a scroll of magic mapping
 m - 6 scrolls of immolation {unknown}
 n - a scroll of remove curse {unknown}
 t - 2 scrolls of amnesia
 u - a scroll of enchant weapon {unknown}
 w - a scroll of fear
Potions
 d - 2 potions of degeneration {unknown}
 f - 2 potions of magic {unknown}
 j - a potion of haste
 k - 2 potions of curing
 o - 2 potions of flight
 v - a potion of lignification


   Skills:
 - Level 3.0 Fighting
 - Level 6.0 Axes
 * Level 8.3 Armour
 - Level 3.7 Shields
 + Level 1.8 Invocations


You had 6 spell levels left.
You didn't know any spells.
Your spell library contained the following spells:

 Spells                   Type           Power        Failure   Level
 Magic Dart               Conj           #...         99%         1


Dungeon Overview and Level Annotations

Branches:
Dungeon (6/15)             Temple (1/1) D:6

Altars:
Ashenzari
Cheibriados
Dithmenos
Elyvilon
Fedhas
Kikubaaqudgha
Makhleb
Nemelex Xobeh
Okawaru
Qazlal
Sif Muna
Trog
Vehumet
Wu Jian
Xom
Yredelemnul
Zin
The Shining One


Innate Abilities, Weirdness & Mutations

You are resistant to damage.
You can heal yourself by infusing magical energy.
You passively map a small area around you.
You do not regenerate.


Message History

Your magical essence is drained by the effort!
You feel much better.
The electric eel shoots out a bolt of lightning at you!
The bolt of electricity hits you!
You barely miss the electric eel.
The electric eel shoots out a bolt of lightning at you!
The bolt of electricity hits you.
You miss the electric eel.
The electric eel shoots out a bolt of lightning at you!
The bolt of electricity hits you!
You slash the electric eel!
The electric eel is severely wounded.
The electric eel shoots out a bolt of lightning at you!
The bolt of electricity hits you!
* * * LOW HITPOINT WARNING * * *
You barely miss the electric eel.
The electric eel is severely wounded.
The electric eel shoots out a bolt of lightning at you!
The bolt of electricity hits you!
You die...

* , ** ≈ ≈ ≈≈≈≈P≈≈ ≈♣♣P.## ≈
≈≈≈≈≈≈≈ ≈≈♣≈... ≈
≈≈≈≈≈≈≈≈≈P≈≈≈.., ≈≈≈≈≈≈≈≈≈≈≈P≈♣
, ≈≈≈≈≈P≈≈≈≈P≈≈♣,,
≈≈≈≈≈≈≈≈≈≈≈≈≈≈≈≈♣≈≈P≈♣ , ≈
≈≈≈≈≈≈≈≈≈≈≈≈P≈†;≈≈♣ ,, P≈≈≈≈≈≈≈
≈≈≈P≈≈≈@≈≈≈♣## ## ≈≈P≈≈P≈
≈≈≈≈≈≈≈≈≈≈♣♣....,.# ♣≈♣≈≈≈≈
≈≈≈≈≈≈≈♣≈♣♣.# # .# .
≈≈≈≈≈♣♣P≈≈♣♣♣≈≈♣.##.####.####..
* #≈P≈≈≈≈≈P≈..........#........
##.## *....######.#.........#
####.#.## ####* #.###..######
....###.####### #......#
####.#.......(# #####.## ,
#.#######.##### ##.## ###
#......# #...#


You could see an electric eel.

Vanquished Creatures
  Grinder (D:3)
  Edmund (D:4)
  An ogre (D:6)
  An electric eel (D:6)
  A howler monkey (D:4)
  A hound (D:4)
  3 orc wizards
  An orc priest (D:3)
  Jessica (D:3)
  An iguana (D:5)
  5 worker ants
  3 adders
  A shadow imp (D:6)
  2 ufetubi (D:5)
  2 oozes (D:2)
  3 worms
  2 dart slugs
  3 leopard geckos
  18 orcs
  3 giant cockroaches
  10 goblins
  13 hobgoblins
  9 kobolds
  6 quokkas
  2 ball pythons
  7 bats
  5 frilled lizards
  3 leopard gecko skeletons
  13 rats
122 creatures vanquished.

Vanquished Creatures (others)
  12 plants
12 creatures vanquished.

Grand Total: 134 creatures vanquished

Notes
Turn   | Place    | Note
-------+----------+-------------------------------------------
     0 | D:1      | om the Deep Dwarf Fighter began the quest for the Orb.
     0 | D:1      | Reached XP level 1. HP: 20/20 MP: 1/1
   127 | D:1      | Reached XP level 2. HP: 25/27 MP: 2/2
   486 | D:1      | Reached XP level 3. HP: 25/33 MP: 3/3
  1205 | D:2      | Reached XP level 4. HP: 42/42 MP: 4/4
  1354 | D:2      | Reached skill level 4 in Armour
  1623 | D:3      | Reached XP level 5. HP: 46/49 MP: 5/5
  1660 | D:3      | You fall into a shaft and drop 1 floor!
  1840 | D:3      | Reached skill level 5 in Axes
  1935 | D:3      | Noticed Jessica
  1944 | D:3      | Killed Jessica
  1982 | D:3      | Found a faded altar of an unknown god.
  2098 | D:3      | Reached XP level 6. HP: 45/56 MP: 5/5
  2434 | D:3      | Reached skill level 5 in Armour
  2744 | D:3      | Found an iron altar of Okawaru.
  2978 | D:4      | Found a radiant altar of Vehumet.
  2978 | D:4      | Found an ancient bone altar of Kikubaaqudgha.
  2979 | D:4      | Found a shimmering blue altar of Sif Muna.
  2984 | D:4      | Identified Vehumet's Collected Works on Arcane Weapons
  3040 | D:4      | Noticed Edmund
  3042 | D:4      | Noticed Grinder
  3148 | D:4      | Paralysed by Grinder for 3 turns
  3158 | D:3      | Paralysed by Grinder for 5 turns
  3168 | D:3      | Paralysed by Grinder for 3 turns
  3178 | D:3      | Paralysed by Grinder for 5 turns
  3186 | D:3      | Killed Grinder
  3186 | D:3      | Reached skill level 6 in Armour
  3186 | D:3      | Reached XP level 7. HP: 36/62 MP: 6/6
  3217 | D:4      | Killed Edmund
  3217 | D:4      | Reached skill level 7 in Armour
  3267 | D:4      | Found a sparkling altar of Nemelex Xobeh.
  3391 | D:4      | Found a glowing silver altar of Zin.
  3482 | D:5      | Entered Level 5 of the Dungeon
  4105 | D:6      | Found a staircase to the Ecumenical Temple.
  4114 | Temple   | Entered the Ecumenical Temple
  4168 | Temple   | Became a worshipper of Makhleb the Destroyer
  4231 | D:6      | Reached skill level 8 in Armour
  4231 | D:6      | Reached skill level 1 in Invocations
  4364 | D:6      | Got a polished plate armour
  4376 | D:6      | Identified the cursed +0 plate armour "Maileuc" {rF- rC+++
                  | Int+2} (You found it on level 6 of the Dungeon)
  4473 | D:6      | Killed from afar by an electric eel

Illustrated notes

Levels and vault maps discovered:
D:1:      mrwooster_arrival_statue, layout_basic, minmay_misc_feat_doors,
          minmay_cupped
D:2:      layout_loops_cross
D:3:      minmay_diamond_boxcup, layout_loops_cross, lemuel_round_altar,
          chequers_ecumenical_altar_lobes, uniq_jessica
D:4:      layout_rooms, grunt_temple_overflow_magic_moments,
          nemelex_xobeh_ov_fountains_minmay, zin_academy, uniq_grinder,
          uniq_edmund
D:5:      layout_loops_cross, hangedman_abyss_or_decor_stabs
D:6:      layout_loops_cross, lemuel_temple_firewalk_b, serial_bayou_lake_a
Temple:   dshaligram_water_room_temple

Skill      XL: |  1  2  3  4  5  6  7 |
---------------+----------------------+-----
Axes           | 3 4 5 6 |  6.0
Fighting       | 3 |  3.0
Armour         | 4 6 8 |  8.3
Invocations    | 1 |  1.8
Shields        | |  3.7

Action                   |  1- 3 |  4- 6 |  7- 9 || total
-------------------------+-------+-------+-------++-------
Melee: War axe           |   189 |   160 |   120 ||   469
       Hand axe          |    24 |       |       ||    24
 Abil: Heal Wounds       |     1 |     1 |     5 ||     7
  Use: Scroll            |       |     5 |     6 ||    11
       Potion            |       |     2 |     2 ||     4
Armor: Scale mail        |    51 |       |       ||    51
       Plate armour      |    92 |    27 |     4 ||   123
       Chain mail        |       |    61 |    48 ||   109
       Skin              |       |       |     8 ||     8
Dodge: Dodged            |    39 |    48 |    43 ||   130
Block: Kite shield       |   139 |    21 |       ||   160
       Buckler           |       |    27 |    22 ||    49

Table legend: (Time is in decaauts)
 A = Elapsed time spent in this place.
 B = Non-inter-level travel time spent in this place.
 C = Inter-level travel time spent in this place.
 D = Time resting spent in this place.
 E = Time spent auto-exploring this place.
 F = Levels seen in this place.
 G = Mean time per level.
                   A        B        C        D        E       F      G
               +--------+--------+--------+--------+--------+-----+--------+
         Total |   4629 |   4316 |    313 |    442 |   2681 |   7 |  661.3 |
       Dungeon |   4565 |   4269 |    296 |    442 |   2635 |   6 |  760.8 |
        Temple |     63 |     47 |     16 |      0 |     46 |   1 |   63.0 |
               +--------+--------+--------+--------+--------+-----+--------+

Top non-repeatable levels by time:
     D:3: 1361 daAuts
     D:1: 891 daAuts
     D:2: 779 daAuts
     D:4: 588 daAuts
     D:5: 550 daAuts
     D:6: 394 daAuts
  Temple: 63 daAuts
